 Dungeon Crawl Stone Soup version 0.31-b1-22-gc680215f68 (webtiles) character file.

Game seed: 10424870049876890792

29 groovy9 the Ruffian (level 3, 36/36 HPs)
             Began as a Troll Berserker on Jan 18, 2024.
             Was a Believer of Trog.
             Quit the game on level 1 of the Dungeon.
             The game lasted 00:02:07 (345 turns).

groovy9 the Ruffian (Troll Berserker)                Turns: 345, Time: 00:02:07

Health: 36/36      AC:  4    Str: 25    XL:     3   Next: 1%
Magic:  2/2        EV: 10    Int:  3    God:    Trog [**....]
Gold:   44         SH:  0    Dex: 11    Spells: 2/2 levels left

rFire   . .          .
                       - Unarmed
rCold   . . .        (no shield)
rNeg    . . .        a - +0 animal skin
rPois   .            (helmet restricted)
rElec   .            (no cloak)
rCorr   .            (gloves unavailable)
SInv    .            (boots unavailable)
Will    .....        e - amulet of regeneration
Stlth   +            (no ring)
HPRegen 1.86/turn    (no ring)
MPRegen 0.08/turn

%: no passive effects
@: no status effects
A: large, unfitting armour, claws 3, regeneration 1, shaggy fur 1, tough skin 1
a: Renounce Religion, Berserk, Trog's Hand


You were on level 1 of the Dungeon.
You worshipped Trog.
Trog was pleased with you.
You visited 1 branch of the dungeon, and saw 1 of its levels.

You collected 44 gold pieces.

Inventory:

Missiles
 b - 2 javelins (quivered)
Armour
 a - a +0 animal skin (worn)
Jewellery
 e - an amulet of regeneration (around neck)
Scrolls
 c - a scroll of fear {unknown}
 f - a scroll of teleportation {unknown}
 h - a scroll of revelation {unknown}
Potions
 d - a potion of invisibility {unknown}
 g - 2 potions of magic {unknown}


   Skills:
 + Level 2.8 Fighting
 + Level 0.6 Throwing
 + Level 2.7 Dodging
 + Level 3.3 Unarmed Combat


You had 2 spell levels left.
You didn't know any spells.
Your spell library was empty.

Dungeon Overview and Level Annotations

Branches:
Dungeon (1/15)

Altars:


Innate Abilities, Weirdness & Mutations

You are too large for most types of armour.
You have claws for hands.
Your natural rate of healing is unusually fast.
You are covered in fur. (AC +1)
You have tough skin. (AC +1)


Message History

a +0 dagger; a kobold corpse You now have 21 gold pieces (gained 10).
h - a scroll labelled DOUGEN ZEAC You now have 34 gold pieces (gained 13).
A rat and a hobgoblin come into view.
The hobgoblin shouts!
The hobgoblin moves out of view.
The hobgoblin hits you.
You barely miss the hobgoblin. The hobgoblin hits you.
You claw the hobgoblin!
You kill the hobgoblin!
Trog accepts your kill. The rat closely misses you.
You barely miss the rat. You claw the rat, but do no damage.
The rat barely misses you.
You claw the rat!
You kill the rat!
Trog accepts your kill.
No target in view!
No target in view!
No target in view!
No target in view!
No target in view!
No target in view!
No target in view!
No target in view!
No target in view!
No target in view!
You now have 44 gold pieces (gained 10).
You open the door.
An endoplasm comes into view.
There is an open door here.
You claw the endoplasm!
You kill the endoplasm!
Trog accepts your kill.
You have reached level 3!
Your experience leads to an increase in your attributes!
Increase (S)trength, (I)ntelligence, or (D)exterity?
You feel agile. x2; You feel stronger.
Are you sure you want to abandon this character and quit the game? (Confirm with "yes".)

...#.....# ##.#.#...# #.....#.#
####.#.#.# #######
.......#####......######### #
...........+..............######.
#####...####..............##.....
##.............#.................
##.....#######.#@................
..........####.#...#####......##.
##.#...##.#....#...#.....#####)..
##.#......#....'...#.....# #...
##.#..###.#.##.#...#.....#####...
...............[...+.....+.....†.
.....#.##...####...#.....#.......
######.#....####...#.....#.......
.....#......#......#.....#.......


There were no monsters in sight!

Vanquished Creatures
  A ball python (D:1)
  2 bats (D:1)
  4 endoplasms (D:1)
  A giant cockroach (D:1)
  4 goblins (D:1)
  2 hobgoblins (D:1)
  3 jackals (D:1)
  A quokka (D:1)
  A frilled lizard (D:1)
  2 kobolds (D:1)
  4 rats (D:1)
25 creatures vanquished.

Notes
Turn   | Place    | Note
-------+----------+-------------------------------------------
     0 | D:1      | groovy9 the Troll Berserker began the quest for the Orb.
     0 | D:1      | Reached XP level 1. HP: 22/22 MP: 0/0
   104 | D:1      | Reached XP level 2. HP: 29/29 MP: 1/1
   228 | D:1      | Noticed an eye of devastation
   232 | D:1      | Noticed an eye of devastation
   234 | D:1      | Found a faded altar of an unknown god.
   240 | D:1      | Reached ** piety under Trog
   345 | D:1      | Reached XP level 3. HP: 36/36 MP: 2/2
   345 | D:1      | Quit the game

Illustrated notes

Levels and vault maps discovered:
D:1:      tekkud_arrival_beachfront_property, layout_basic,
          hellmonk_ecumenical_altar_watching_god

Action                     || total
---------------------------++-------
  Melee: Unarmed           ||    73
         Punch             ||     1
 Armour: Animal skin       ||    63
  Dodge: Dodged            ||    36
